Detroit Red Wings vs Montreal Canadiens
Created - Monday, January 19, 2026 at 07:55
Goals
|
| Detroit Red Wings |
1 |
1 |
0 |
2 |
| Montreal Canadiens |
0 |
1 |
2 |
3 |
|
Shots
|
| Detroit Red Wings |
7 |
10 |
19 |
36 |
| Montreal Canadiens |
7 |
5 |
13 |
25 |
|
1st period
1. Detroit Red Wings , Cole Sillinger 3 (Arthur Kaliyev 3, Zachary L'Heureux 5) at 10:09
Penalties :
Josh Manson (MTL) for Roughing (Minor) at 15:24
2nd period
2. Detroit Red Wings , Zachary L'Heureux 3 (Cole Sillinger 6) at 6:38
3. Montreal Canadiens , Patrik Laine 2 (Juraj Slafkovsky 2, Martin Necas 3) at 14:05 (PP)
Penalties :
Drew O'Connor (MTL) for Roughing (Minor) at 0:45, Justin Hryckowian (MTL) for Slashing (Minor) at 8:17, Vasili Podkolzin (DET) for Slashing (Minor) at 13:36, Juraj Slafkovsky (MTL) for Holding (Minor) at 15:52
3rd period
4. Montreal Canadiens , Brad Marchand 3 (Brady Skjei 1, Dylan Larkin 2) at 4:00
5. Montreal Canadiens , Brad Marchand 4 (Macklin Celebrini 3) at 10:35 (PP)
Penalties :
Damon Severson (MTL) for Hooking (Minor) at 0:29, Dmitry Orlov (DET) for Roughing (Minor) at 1:11, Ryan Graves (DET) for Delaying the game (Minor) at 10:29, Damon Severson (MTL) for Tripping (Minor) at 11:17
Goalie Stats
Sergei Bobrovsky (DET), 22 saves from 25 shots - (0.880), L, 2-2-0, 59:01 minutes
Stuart Skinner (MTL), 34 saves from 36 shots - (0.944), W, 2-3-0, 60:00 minutes
Players Stats for Detroit Red Wings
Player Name G A P +/- PIM S H SB GA TA FO MP PP MP PK MP
------------------------------------------------------------------------------------
Arthur Kaliyev 0 1 1 2 0 3 3 0 0 1 1/3 18:02 5:06 0:00
Brad Lambert 0 0 0 0 0 1 0 1 0 0 2/4 12:33 0:00 0:00
Cole Sillinger 1 1 2 2 0 3 0 0 1 1 12/29 20:22 5:06 0:41
Collin Graf 0 0 0 -1 0 6 1 0 0 2 1/3 21:43 5:31 0:44
Conor Timmins 0 0 0 1 0 1 0 0 0 0 0/0 14:02 0:00 0:48
Cutter Gauthier 0 0 0 -1 0 1 2 0 0 0 5/21 20:49 5:31 0:03
Dmitry Orlov 0 0 0 0 2 1 2 1 0 1 0/0 24:22 5:35 0:23
Fraser Minten 0 0 0 -1 0 1 3 0 1 0 0/1 19:02 5:31 0:00
Jamie Drysdale 0 0 0 0 0 3 1 0 0 2 0/0 24:45 5:36 0:00
Jayden Struble 0 0 0 1 0 0 4 0 0 0 0/0 14:38 0:00 0:54
Kevin Stenlund 0 0 0 0 0 1 0 0 0 0 3/5 7:29 0:00 0:33
Nate Danielson 0 0 0 0 0 1 0 1 0 0 0/0 13:06 0:00 0:33
Peyton Krebs 0 0 0 0 0 0 0 0 0 1 0/1 6:56 0:00 0:00
Ryan Graves 0 0 0 0 2 1 2 0 0 2 0/0 20:48 5:01 0:17
Shayne Gostisbehere 0 0 0 0 0 7 1 1 0 0 0/0 21:36 5:01 0:12
Tanner Pearson 0 0 0 0 0 3 1 0 1 0 1/1 12:13 0:00 0:00
Vasili Podkolzin 0 0 0 0 2 0 1 0 1 0 0/0 6:55 0:00 0:00
Zachary L'Heureux 1 1 2 2 0 3 5 2 2 0 0/0 18:02 5:06 0:00
Players Stats for Montreal Canadiens
Player Name G A P +/- PIM S H SB GA TA FO MP PP MP PK MP
------------------------------------------------------------------------------------
Adam Fox 0 0 0 -1 0 0 1 2 0 0 0/0 16:36 0:53 1:17
Arttu Hyry 0 0 0 -1 0 1 0 0 1 0 2/2 10:26 0:00 0:00
Brad Marchand 2 0 2 0 0 2 0 0 0 1 0/0 13:40 0:23 0:36
Brady Skjei 0 1 1 0 0 1 1 0 0 4 0/0 26:31 0:06 6:17
Damon Severson 0 0 0 0 4 0 1 1 0 1 0/0 18:41 0:18 3:40
Drew O'Connor 0 0 0 0 2 1 1 1 0 0 0/0 16:36 0:00 4:02
Dylan Larkin 0 1 1 0 0 0 0 0 2 0 3/3 13:44 0:23 0:00
Jake Evans 0 0 0 0 0 3 0 1 1 0 6/10 16:22 0:00 5:19
Josh Manson 0 0 0 0 2 1 1 0 0 0 0/0 18:13 0:00 4:23
Juraj Slafkovsky 0 1 1 -1 2 3 0 2 1 0 0/1 13:55 0:54 1:10
Justin Hryckowian 0 0 0 0 2 1 1 0 0 0 0/1 10:17 0:00 0:00
Lane Hutson 0 0 0 -1 0 1 1 1 1 0 0/0 14:07 0:53 0:00
Macklin Celebrini 0 1 1 0 0 2 0 0 1 0 6/11 13:25 0:23 0:00
Martin Necas 0 1 1 0 0 4 0 0 1 0 1/2 11:26 0:54 0:00
Owen Power 0 0 0 0 0 0 0 2 0 0 0/0 25:50 0:24 5:37
Patrik Laine 1 0 1 0 0 4 1 0 1 0 0/1 13:17 0:54 0:06
Ryan Poehling 0 0 0 -1 0 0 2 0 0 0 14/21 17:36 0:00 5:07
Teddy Blueger 0 0 0 0 0 1 2 0 1 0 11/16 17:18 0:00 4:54
3 Stars
1 - Zachary L'Heureux (DET)
2 - Brad Marchand (MTL)
3 - Cole Sillinger (DET)
Power Play
Detroit Red Wings - 0 on 6 Attempt(s) - 0.00%
Montreal Canadiens - 2 on 3 Attempt(s) - 66.67%
Penalty Kill
Detroit Red Wings - 1 on 3 Attempt(s) - 33.33%
- Score 0 goal in Penalty Kill
Montreal Canadiens - 6 on 6 Attempt(s) - 100.00%
- Score 0 goal in Penalty Kill
Team Stat
Detroit Red Wings - Hits : 26 - Faceoff Wins : 25 - Blocked Shots : 6 - Penalty Minutes : 6
Montreal Canadiens - Hits : 12 - Faceoff Wins : 43 - Blocked Shots : 10 - Penalty Minutes : 12
Official
Referees : Cody Beach and Justin St. Pierre
Linesman : Trent Knorr and Travis Gawryletz
Game Notes
No Game Note
Finance
Level 1 -- Attendance: 5919 (98.65%) -- Ticket Income $550,467
Level 2 -- Attendance: 4365 (87.30%) -- Ticket Income $231,345
Level 3 -- Attendance: 3000 (100.00%) -- Ticket Income $96,000
Level 4 -- Attendance: 4833 (96.66%) -- Ticket Income $106,326
Luxury Box -- Attendance: 739 (73.90%) -- Ticket Income $144,105
Game was played at the Bell Centre.
Total Attendance: 18856 (94.28%)
Total Ticket Income: $1,128,243
Other Income: $394,885
Total Income: $1,523,128
Detroit Red Wings
5 vs 5 Forward
Center Left Wing Right Wing Time % Phy DF OF
1 Cutter Gauthier Fraser Minten Collin Graf 35 1 2 2
2 Cole Sillinger Zachary L'Heureux Arthur Kaliyev 35 1 1 3
3 Brad Lambert Nate Danielson Tanner Pearson 20 1 2 2
4 Kevin Stenlund Peyton Krebs Vasili Podkolzin 10 2 2 1
5 vs 5 Defense
Defense Defense Time % Phy DF OF
1 Jamie Drysdale Dmitry Orlov 40 1 2 2
2 Shayne Gostisbehere Ryan Graves 30 1 2 2
3 Conor Timmins Jayden Struble 20 3 1 1
4 Jamie Drysdale Dmitry Orlov 10 1 2 2
PowerPlay Forward
Center Left Wing Right Wing Time % Phy DF OF
1 Cutter Gauthier Fraser Minten Collin Graf 50 0 1 4
2 Cole Sillinger Zachary L'Heureux Arthur Kaliyev 50 0 1 4
PowerPlay Defense
Defense Defense Time % Phy DF OF
1 Jamie Drysdale Dmitry Orlov 50 1 2 2
2 Shayne Gostisbehere Ryan Graves 50 1 2 2
Penalty Kill 4 Players Forward
Center Wing Time % Phy DF OF
1 Kevin Stenlund Nate Danielson 50 2 2 1
2 Cole Sillinger Collin Graf 50 2 2 1
Penalty Kill 4 Players Defense
Defense Defense Time % Phy DF OF
1 Ryan Graves Dmitry Orlov 50 2 2 1
2 Conor Timmins Jayden Struble 50 2 2 1
Penalty Kill - 3 Players Forward
Forward Time % Phy DF OF
1 Cutter Gauthier 50 1 2 2
2 Cole Sillinger 50 1 2 2
Penalty Kill - 3 Players Defense
Defense Defense Time % Phy DF OF
1 Ryan Graves Dmitry Orlov 50 1 2 2
2 Conor Timmins Jayden Struble 50 2 2 1
4 vs 4 Forward
Center Wing Time % Phy DF OF
1 Cutter Gauthier Collin Graf 60 1 2 2
2 Cole Sillinger Fraser Minten 40 1 1 3
4 vs 4 Defense
Defense Defense Time % Phy DF OF
1 Jamie Drysdale Dmitry Orlov 60 1 2 2
2 Shayne Gostisbehere Ryan Graves 40 1 2 2
Last Minutes Offensive
Center Left Wing Right Wing Defense Defense
Cutter Gauthier Cole Sillinger Collin Graf Jamie Drysdale Dmitry Orlov
Last Minutes Defensive
Center Left Wing Right Wing Defense Defense
Cutter Gauthier Cole Sillinger Collin Graf Jamie Drysdale Dmitry Orlov
Goaltenders
Starting : Sergei Bobrovsky
Backup : Laurent Brossoit
Extra Forwards
Normal : Brad Lambert, Nate Danielson, Tanner Pearson - PP : Brad Lambert, Nate Danielson - PK : Brad Lambert
Extra Defensemen
Normal : Shayne Gostisbehere, Jamie Drysdale, Jayden Struble - PP : Shayne Gostisbehere - PK : Shayne Gostisbehere, Jamie Drysdale
Penalty Shots
Cutter Gauthier, Collin Graf, Cole Sillinger, Nate Danielson, Fraser Minten
Scratches
Jackson LaCombe (Healthy), Christian Fischer (Healthy), Kasperi Kapanen (Healthy), Yakov Trenin (Healthy), Vitek Vanecek (Healthy)
Montreal Canadiens
5 vs 5 Forward
Center Left Wing Right Wing Time % Phy DF OF
1 Jake Evans Drew O'Connor Martin Necas 25 1 3 1
2 Macklin Celebrini Dylan Larkin Brad Marchand 25 0 1 4
3 Ryan Poehling Juraj Slafkovsky Patrik Laine 25 0 1 4
4 Teddy Blueger Justin Hryckowian Arttu Hyry 25 1 3 1
5 vs 5 Defense
Defense Defense Time % Phy DF OF
1 Josh Manson Brady Skjei 30 1 4 0
2 Owen Power Damon Severson 30 1 4 0
3 Adam Fox Lane Hutson 25 1 4 0
4 Brady Skjei Owen Power 15 1 4 0
PowerPlay Forward
Center Left Wing Right Wing Time % Phy DF OF
1 Macklin Celebrini Dylan Larkin Brad Marchand 50 0 0 5
2 Martin Necas Juraj Slafkovsky Patrik Laine 50 0 0 5
PowerPlay Defense
Defense Defense Time % Phy DF OF
1 Adam Fox Lane Hutson 50 0 0 5
2 Owen Power Damon Severson 50 0 1 4
Penalty Kill 4 Players Forward
Center Wing Time % Phy DF OF
1 Ryan Poehling Jake Evans 50 0 5 0
2 Teddy Blueger Drew O'Connor 50 0 5 0
Penalty Kill 4 Players Defense
Defense Defense Time % Phy DF OF
1 Josh Manson Brady Skjei 50 0 5 0
2 Owen Power Damon Severson 50 0 5 0
Penalty Kill - 3 Players Forward
Forward Time % Phy DF OF
1 Jake Evans 50 0 5 0
2 Ryan Poehling 50 0 5 0
Penalty Kill - 3 Players Defense
Defense Defense Time % Phy DF OF
1 Josh Manson Brady Skjei 50 0 5 0
2 Owen Power Damon Severson 50 0 5 0
4 vs 4 Forward
Center Wing Time % Phy DF OF
1 Macklin Celebrini Martin Necas 50 1 2 2
2 Dylan Larkin Ryan Poehling 50 1 2 2
4 vs 4 Defense
Defense Defense Time % Phy DF OF
1 Lane Hutson Adam Fox 50 1 2 2
2 Brady Skjei Damon Severson 50 1 2 2
Last Minutes Offensive
Center Left Wing Right Wing Defense Defense
Macklin Celebrini Dylan Larkin Brad Marchand Lane Hutson Adam Fox
Last Minutes Defensive
Center Left Wing Right Wing Defense Defense
Jake Evans Ryan Poehling Drew O'Connor Brady Skjei Owen Power
Goaltenders
Starting : Stuart Skinner
Backup : Pyotr Kochetkov
Extra Forwards
Normal : Macklin Celebrini, Brad Marchand, Dylan Larkin - PP : Macklin Celebrini, Brad Marchand - PK : Jake Evans
Extra Defensemen
Normal : Brady Skjei, Owen Power, Damon Severson - PP : Lane Hutson - PK : Brady Skjei, Owen Power
Penalty Shots
Patrik Laine, Teddy Blueger, Ryan Poehling, Dylan Larkin, Arttu Hyry
Scratches
David Rittich (Healthy)
% Time on Ice - Detroit Red Wings
Lines # - Real PCT - Wanted PCT - Time Play
Normal Forward
1 - 29% - 35% - 13:18
2 - 29% - 35% - 13:09
3 - 27% - 20% - 12:13
4 - 15% - 10% - 6:56
Normal Defense
1 - 37% - 40% - 16:56
2 - 32% - 30% - 14:29
3 - 29% - 20% - 13:01
4 - 3% - 10% - 1:10
PP Forward
1 - 52% - 50% - 5:31
2 - 48% - 50% - 5:06
PP Defense
1 - 53% - 50% - 5:36
2 - 47% - 50% - 5:01
PK Forward
1 - 47% - 50% - 0:36
2 - 53% - 50% - 0:41
PK Defense
1 - 38% - 50% - 0:29
2 - 62% - 50% - 0:48
PK3 Forward
1 - 0% - 50%
2 - 0% - 50%
PK3 Defense
1 - 0% - 50%
2 - 0% - 50%
44 Forward
1 - 83% - 60% - 1:04
2 - 17% - 40% - 0:13
44 Defense
1 - 91% - 60% - 1:10
2 - 9% - 40% - 0:07
Last Minute Offensive - 1:13
Last Minute Defensive - 0:00
Total
Forward - 60:00
Defense - 60:00
|
% Time on Ice - Montreal Canadiens
Lines # - Real PCT - Wanted PCT - Time Play
Normal Forward
1 - 22% - 25% - 9:59
2 - 33% - 25% - 15:00
3 - 23% - 25% - 10:28
4 - 22% - 25% - 10:10
Normal Defense
1 - 31% - 30% - 14:13
2 - 32% - 30% - 14:23
3 - 27% - 25% - 12:11
4 - 11% - 15% - 4:50
PP Forward
1 - 30% - 50% - 0:23
2 - 70% - 50% - 0:54
PP Defense
1 - 69% - 50% - 0:53
2 - 31% - 50% - 0:24
PK Forward
1 - 49% - 50% - 5:13
2 - 51% - 50% - 5:24
PK Defense
1 - 51% - 50% - 5:24
2 - 49% - 50% - 5:13
PK3 Forward
1 - 0% - 50%
2 - 0% - 50%
PK3 Defense
1 - 0% - 50%
2 - 0% - 50%
44 Forward
1 - 38% - 50% - 0:29
2 - 62% - 50% - 0:48
44 Defense
1 - 65% - 50% - 0:50
2 - 35% - 50% - 0:27
Last Minute Offensive - 0:00
Last Minute Defensive - 1:12
Total
Forward - 60:00
Defense - 60:00
|
Play-by-Play
1st period
0:01 of 1st period - Cutter Gauthier wins face-off versus Jake Evans in neutral zone.
0:14 of 1st period - Slapshot by Cutter Gauthier.
0:14 of 1st period - Shot Misses the Net.
0:29 of 1st period - Off-side.
0:30 of 1st period - Cole Sillinger wins face-off versus Macklin Celebrini in neutral zone.
0:45 of 1st period - Snap shot by Cole Sillinger.
0:45 of 1st period - Stopped by Stuart Skinner without a rebound.
0:46 of 1st period - Ryan Poehling wins face-off versus Brad Lambert in Montreal Canadiens zone.
1:37 of 1st period - Brady Skjei is hit by Arthur Kaliyev and loses puck.
2:02 of 1st period - Brady Skjei is hit by Collin Graf and loses puck.
2:39 of 1st period - Wrist shot by Macklin Celebrini.
2:39 of 1st period - Deflect By Brad Marchand.
2:39 of 1st period - Shot Misses the Net.
2:39 of 1st period - Puck is out of play.
2:40 of 1st period - Cole Sillinger wins face-off versus Teddy Blueger in Detroit Red Wings zone.
2:40 of 1st period - Cole Sillinger is hit by Justin Hryckowian.
3:37 of 1st period - Snap shot by Patrik Laine.
3:37 of 1st period - Shot Misses the Net.
5:03 of 1st period - Slapshot by Jamie Drysdale.
5:03 of 1st period - Shot Blocked by Owen Power.
5:05 of 1st period - Slapshot by Jamie Drysdale.
5:05 of 1st period - Stopped by Stuart Skinner with a rebound.
5:07 of 1st period - Slapshot by Nate Danielson.
5:07 of 1st period - Shot Misses the Net.
5:17 of 1st period - Owen Power is hit by Fraser Minten and loses puck.
5:26 of 1st period - Snap shot by Martin Necas.
5:26 of 1st period - Shot Misses the Net.
5:42 of 1st period - Snap shot by Jake Evans.
5:42 of 1st period - Shot Misses the Net.
6:08 of 1st period - Snap shot by Jake Evans.
6:08 of 1st period - Stopped by Sergei Bobrovsky with a rebound.
6:10 of 1st period - Snap shot by Brady Skjei.
6:10 of 1st period - Stopped by Sergei Bobrovsky without a rebound.
6:11 of 1st period - Cole Sillinger wins face-off versus Ryan Poehling in Detroit Red Wings zone.
6:59 of 1st period - Wrist shot by Macklin Celebrini.
6:59 of 1st period - Deflect By Brad Marchand.
6:59 of 1st period - Shot Blocked by Nate Danielson.
6:59 of 1st period - Puck is out of play.
7:00 of 1st period - Cole Sillinger wins face-off versus Macklin Celebrini in Detroit Red Wings zone.
7:00 of 1st period - Cole Sillinger is hit by Josh Manson.
7:07 of 1st period - Wrist shot by Macklin Celebrini.
7:07 of 1st period - Shot Blocked by Zachary L'Heureux.
7:29 of 1st period - Josh Manson is hit by Jayden Struble and loses puck.
7:47 of 1st period - Snap shot by Justin Hryckowian.
7:47 of 1st period - Deflect By Teddy Blueger.
7:47 of 1st period - Shot Misses the Net.
7:47 of 1st period - Puck is out of play.
7:48 of 1st period - Teddy Blueger wins face-off versus Collin Graf in Detroit Red Wings zone.
8:15 of 1st period - Ryan Poehling is hit by Zachary L'Heureux and loses puck.
8:26 of 1st period - Slapshot by Shayne Gostisbehere.
8:26 of 1st period - Stopped by Stuart Skinner without a rebound.
8:27 of 1st period - Teddy Blueger wins face-off versus Brad Lambert in Montreal Canadiens zone.
8:36 of 1st period - Slapshot by Arttu Hyry.
8:36 of 1st period - Shot Misses the Net.
9:23 of 1st period - Wrist shot by Peyton Krebs.
9:23 of 1st period - Shot Misses the Net.
9:37 of 1st period - Wrist shot by Tanner Pearson.
9:37 of 1st period - Shot Misses the Net.
10:09 of 1st period - Snap shot by Arthur Kaliyev.
10:09 of 1st period - Deflect By Cole Sillinger.
10:09 of 1st period - Goal by Cole Sillinger - Detroit Red Wings : 1 - Montreal Canadiens : 0.
10:10 of 1st period - Arttu Hyry wins face-off versus Cole Sillinger in neutral zone.
10:26 of 1st period - Snap shot by Teddy Blueger.
10:26 of 1st period - Deflect By Justin Hryckowian.
10:26 of 1st period - Shot Blocked by Zachary L'Heureux.
10:26 of 1st period - Puck is out of play.
10:27 of 1st period - Ryan Poehling wins face-off versus Cutter Gauthier in Detroit Red Wings zone.
10:40 of 1st period - Snap shot by Juraj Slafkovsky.
10:40 of 1st period - Stopped by Sergei Bobrovsky without a rebound.
10:41 of 1st period - Martin Necas wins face-off versus Cole Sillinger in Detroit Red Wings zone.
11:43 of 1st period - Adam Fox is hit by Jayden Struble and loses puck.
11:54 of 1st period - Adam Fox is hit by Jayden Struble.
12:12 of 1st period - Slapshot by Martin Necas.
12:12 of 1st period - Stopped by Sergei Bobrovsky with a rebound.
12:47 of 1st period - Snap shot by Tanner Pearson.
12:47 of 1st period - Stopped by Stuart Skinner without a rebound.
12:48 of 1st period - Brad Lambert wins face-off versus Macklin Celebrini in Montreal Canadiens zone.
13:05 of 1st period - Jamie Drysdale is hit by Brady Skjei and loses puck.
14:06 of 1st period - Snap shot by Dylan Larkin.
14:06 of 1st period - Shot Misses the Net.
14:10 of 1st period - Slapshot by Brad Marchand.
14:10 of 1st period - Shot Misses the Net.
14:28 of 1st period - Wrist shot by Tanner Pearson.
14:28 of 1st period - Stopped by Stuart Skinner with a rebound.
14:34 of 1st period - Wrist shot by Tanner Pearson.
14:34 of 1st period - Deflect By Nate Danielson.
14:34 of 1st period - Shot Misses the Net.
14:34 of 1st period - Puck is out of play.
14:35 of 1st period - Arttu Hyry wins face-off versus Cutter Gauthier in Montreal Canadiens zone.
15:00 of 1st period - Josh Manson is hit by Zachary L'Heureux and loses puck.
15:24 of 1st period - Minor Penalty to Josh Manson for Roughing.
15:25 of 1st period - Ryan Poehling wins face-off versus Cutter Gauthier in Montreal Canadiens zone.
15:41 of 1st period - Snap shot by Collin Graf.
15:41 of 1st period - Shot Misses the Net.
15:59 of 1st period - Snap shot by Cole Sillinger.
15:59 of 1st period - Stopped by Stuart Skinner with a rebound.
16:26 of 1st period - Icing by Cole Sillinger.
16:27 of 1st period - Cole Sillinger wins face-off versus Ryan Poehling in Detroit Red Wings zone.
17:24 of 1st period - Penalty to Josh Manson is over, Josh Manson is back on ice.
17:38 of 1st period - Slapshot by Justin Hryckowian.
17:38 of 1st period - Shot Misses the Net.
17:54 of 1st period - Nate Danielson is hit by Adam Fox and loses puck.
18:17 of 1st period - Slapshot by Patrik Laine.
18:17 of 1st period - Stopped by Sergei Bobrovsky with a rebound.
18:30 of 1st period - Martin Necas is hit by Vasili Podkolzin and loses puck.
18:43 of 1st period - Jamie Drysdale is hit by Teddy Blueger and loses puck.
18:57 of 1st period - Icing by Justin Hryckowian.
18:58 of 1st period - Macklin Celebrini wins face-off versus Cutter Gauthier in Montreal Canadiens zone.
19:08 of 1st period - Icing by Jayden Struble.
19:09 of 1st period - Ryan Poehling wins face-off versus Cutter Gauthier in Detroit Red Wings zone.
19:22 of 1st period - Wrist shot by Juraj Slafkovsky.
19:22 of 1st period - Deflect By Patrik Laine.
19:22 of 1st period - Stopped by Sergei Bobrovsky without a rebound.
19:23 of 1st period - Teddy Blueger wins face-off versus Cole Sillinger in Detroit Red Wings zone.
19:24 of 1st period - Slapshot by Arttu Hyry.
19:24 of 1st period - Stopped by Sergei Bobrovsky with a rebound.
Goals for this period are 1 for Detroit Red Wings vs 0 for Montreal Canadiens.
Shots for this period are 7 for Detroit Red Wings vs 7 for Montreal Canadiens.
2nd period
0:01 of 2nd period - Cole Sillinger wins face-off versus Ryan Poehling in neutral zone.
0:10 of 2nd period - Snap shot by Arthur Kaliyev.
0:10 of 2nd period - Stopped by Stuart Skinner with a rebound.
0:30 of 2nd period - Slapshot by Jake Evans.
0:30 of 2nd period - Stopped by Sergei Bobrovsky without a rebound.
0:31 of 2nd period - Jake Evans wins face-off versus Cutter Gauthier in Detroit Red Wings zone.
0:45 of 2nd period - Minor Penalty to Drew O'Connor for Roughing.
0:46 of 2nd period - Ryan Poehling wins face-off versus Cole Sillinger in Montreal Canadiens zone.
0:46 of 2nd period - Ryan Poehling is hit by Ryan Graves.
1:18 of 2nd period - Zachary L'Heureux is hit by Teddy Blueger.
2:45 of 2nd period - Penalty to Drew O'Connor is over, Drew O'Connor is back on ice.
2:51 of 2nd period - Slapshot by Drew O'Connor.
2:51 of 2nd period - Shot Misses the Net.
4:34 of 2nd period - Wrist shot by Cutter Gauthier.
4:34 of 2nd period - Stopped by Stuart Skinner with a rebound.
4:36 of 2nd period - Snap shot by Fraser Minten.
4:36 of 2nd period - Stopped by Stuart Skinner without a rebound.
4:37 of 2nd period - Macklin Celebrini wins face-off versus Cole Sillinger in Montreal Canadiens zone.
5:21 of 2nd period - Slapshot by Tanner Pearson.
5:21 of 2nd period - Deflect By Nate Danielson.
5:21 of 2nd period - Stopped by Stuart Skinner with a rebound.
5:23 of 2nd period - Backhand shot by Shayne Gostisbehere.
5:23 of 2nd period - Shot Blocked by Lane Hutson.
5:34 of 2nd period - Icing by Brad Marchand.
5:35 of 2nd period - Cole Sillinger wins face-off versus Macklin Celebrini in Montreal Canadiens zone.
6:38 of 2nd period - Snap shot by Zachary L'Heureux.
6:38 of 2nd period - Goal by Zachary L'Heureux - Detroit Red Wings : 2 - Montreal Canadiens : 0.
6:39 of 2nd period - Jake Evans wins face-off versus Cole Sillinger in neutral zone.
7:32 of 2nd period - Conor Timmins is hit by Ryan Poehling and loses puck.
8:00 of 2nd period - Off-side.
8:01 of 2nd period - Tanner Pearson wins face-off versus Juraj Slafkovsky in neutral zone.
8:14 of 2nd period - Snap shot by Tanner Pearson.
8:14 of 2nd period - Deflect By Nate Danielson.
8:14 of 2nd period - Shot Blocked by Juraj Slafkovsky.
8:14 of 2nd period - Puck is out of play.
8:15 of 2nd period - Teddy Blueger wins face-off versus Kevin Stenlund in Montreal Canadiens zone.
8:17 of 2nd period - Minor Penalty to Justin Hryckowian for Slashing.
8:18 of 2nd period - Cole Sillinger wins face-off versus Ryan Poehling in Montreal Canadiens zone.
8:22 of 2nd period - Slapshot by Shayne Gostisbehere.
8:22 of 2nd period - Stopped by Stuart Skinner with a rebound.
8:24 of 2nd period - Wrist shot by Cole Sillinger.
8:24 of 2nd period - Shot Misses the Net.
8:26 of 2nd period - Snap shot by Cole Sillinger.
8:26 of 2nd period - Shot Blocked by Damon Severson.
8:28 of 2nd period - Snap shot by Ryan Graves.
8:28 of 2nd period - Shot Misses the Net.
8:30 of 2nd period - Wrist shot by Arthur Kaliyev.
8:30 of 2nd period - Stopped by Stuart Skinner without a rebound.
8:31 of 2nd period - Ryan Poehling wins face-off versus Cole Sillinger in Montreal Canadiens zone.
10:16 of 2nd period - Snap shot by Brad Marchand.
10:16 of 2nd period - Shot Misses the Net.
10:17 of 2nd period - Penalty to Justin Hryckowian is over, Justin Hryckowian is back on ice.
10:32 of 2nd period - Off-side.
10:33 of 2nd period - Kevin Stenlund wins face-off versus Macklin Celebrini in neutral zone.
10:42 of 2nd period - Snap shot by Brad Marchand.
10:42 of 2nd period - Shot Misses the Net.
11:35 of 2nd period - Snap shot by Zachary L'Heureux.
11:35 of 2nd period - Deflect By Cole Sillinger.
11:35 of 2nd period - Shot Misses the Net.
11:35 of 2nd period - Puck is out of play.
11:36 of 2nd period - Teddy Blueger wins face-off versus Cole Sillinger in Montreal Canadiens zone.
11:49 of 2nd period - Slapshot by Zachary L'Heureux.
11:49 of 2nd period - Shot Blocked by Owen Power.
12:04 of 2nd period - Slapshot by Justin Hryckowian.
12:04 of 2nd period - Stopped by Sergei Bobrovsky without a rebound.
12:05 of 2nd period - Ryan Poehling wins face-off versus Cole Sillinger in Detroit Red Wings zone.
12:22 of 2nd period - Zachary L'Heureux is hit by Ryan Poehling and loses puck.
12:42 of 2nd period - Wrist shot by Collin Graf.
12:42 of 2nd period - Stopped by Stuart Skinner with a rebound.
12:55 of 2nd period - Slapshot by Tanner Pearson.
12:55 of 2nd period - Stopped by Stuart Skinner with a rebound.
13:05 of 2nd period - Wrist shot by Tanner Pearson.
13:05 of 2nd period - Shot Misses the Net.
13:19 of 2nd period - Slapshot by Shayne Gostisbehere.
13:19 of 2nd period - Deflect By Dylan Larkin.
13:19 of 2nd period - Stopped by Stuart Skinner without a rebound.
13:20 of 2nd period - Dylan Larkin wins face-off versus Peyton Krebs in Montreal Canadiens zone.
13:36 of 2nd period - Minor Penalty to Vasili Podkolzin for Slashing.
13:37 of 2nd period - Dylan Larkin wins face-off versus Kevin Stenlund in Detroit Red Wings zone.
13:53 of 2nd period - Snap shot by Macklin Celebrini.
13:53 of 2nd period - Stopped by Sergei Bobrovsky without a rebound.
13:54 of 2nd period - Cole Sillinger wins face-off versus Martin Necas in Detroit Red Wings zone.
14:03 of 2nd period - Wrist shot by Juraj Slafkovsky.
14:03 of 2nd period - Shot Misses the Net.
14:05 of 2nd period - Snap shot by Patrik Laine.
14:05 of 2nd period - Deflect By Jayden Struble.
14:05 of 2nd period - Goal by Patrik Laine - Detroit Red Wings : 2 - Montreal Canadiens : 1.
14:06 of 2nd period - Teddy Blueger wins face-off versus Cole Sillinger in neutral zone.
14:17 of 2nd period - Brady Skjei is hit by Zachary L'Heureux and loses puck.
14:37 of 2nd period - Patrik Laine is hit by Ryan Graves and loses puck.
14:56 of 2nd period - Wrist shot by Jake Evans.
14:56 of 2nd period - Shot Blocked by Shayne Gostisbehere.
15:32 of 2nd period - Snap shot by Juraj Slafkovsky.
15:32 of 2nd period - Shot Misses the Net.
15:52 of 2nd period - Minor Penalty to Juraj Slafkovsky for Holding.
15:53 of 2nd period - Ryan Poehling wins face-off versus Cole Sillinger in Montreal Canadiens zone.
16:22 of 2nd period - Wrist shot by Cutter Gauthier.
16:22 of 2nd period - Shot Misses the Net.
16:33 of 2nd period - Icing by Dmitry Orlov.
16:34 of 2nd period - Teddy Blueger wins face-off versus Cutter Gauthier in Detroit Red Wings zone.
16:41 of 2nd period - Wrist shot by Drew O'Connor.
16:41 of 2nd period - Stopped by Sergei Bobrovsky with a rebound.
16:51 of 2nd period - Drew O'Connor is hit by Dmitry Orlov and loses puck.
17:04 of 2nd period - Josh Manson is hit by Fraser Minten and loses puck.
17:52 of 2nd period - Penalty to Juraj Slafkovsky is over, Juraj Slafkovsky is back on ice.
18:43 of 2nd period - Lane Hutson is hit by Jayden Struble and loses puck.
18:52 of 2nd period - Conor Timmins is hit by Patrik Laine and loses puck.
19:41 of 2nd period - Slapshot by Martin Necas.
19:41 of 2nd period - Shot Blocked by Dmitry Orlov.
19:54 of 2nd period - Icing by Brady Skjei.
19:55 of 2nd period - Macklin Celebrini wins face-off versus Cole Sillinger in Montreal Canadiens zone.
Goals for this period are 1 for Detroit Red Wings vs 1 for Montreal Canadiens.
Shots for this period are 10 for Detroit Red Wings vs 5 for Montreal Canadiens.
3rd period
0:01 of 3rd period - Teddy Blueger wins face-off versus Cutter Gauthier in neutral zone.
0:14 of 3rd period - Snap shot by Teddy Blueger.
0:14 of 3rd period - Stopped by Sergei Bobrovsky without a rebound.
0:15 of 3rd period - Jake Evans wins face-off versus Arthur Kaliyev in Detroit Red Wings zone.
0:26 of 3rd period - Wrist shot by Dmitry Orlov.
0:26 of 3rd period - Deflect By Martin Necas.
0:26 of 3rd period - Stopped by Stuart Skinner without a rebound.
0:27 of 3rd period - Teddy Blueger wins face-off versus Fraser Minten in Montreal Canadiens zone.
0:29 of 3rd period - Minor Penalty to Damon Severson for Hooking.
0:30 of 3rd period - Arthur Kaliyev wins face-off versus Ryan Poehling in Montreal Canadiens zone.
0:46 of 3rd period - Drew O'Connor is hit by Arthur Kaliyev and loses puck.
0:57 of 3rd period - Owen Power is hit by Fraser Minten and loses puck.
1:04 of 3rd period - Wrist shot by Collin Graf.
1:04 of 3rd period - Stopped by Stuart Skinner without a rebound.
1:05 of 3rd period - Ryan Poehling wins face-off versus Cutter Gauthier in Montreal Canadiens zone.
1:05 of 3rd period - Ryan Poehling is hit by Dmitry Orlov.
1:11 of 3rd period - Minor Penalty to Dmitry Orlov for Roughing.
1:12 of 3rd period - Macklin Celebrini wins face-off versus Cutter Gauthier in Detroit Red Wings zone.
2:08 of 3rd period - Ryan Poehling is hit by Jamie Drysdale and loses puck.
2:13 of 3rd period - Slapshot by Shayne Gostisbehere.
2:13 of 3rd period - Shot Misses the Net.
2:15 of 3rd period - Slapshot by Shayne Gostisbehere.
2:15 of 3rd period - Shot Misses the Net.
2:17 of 3rd period - Backhand shot by Brad Lambert.
2:17 of 3rd period - Shot Misses the Net.
2:19 of 3rd period - Snap shot by Brad Lambert.
2:19 of 3rd period - Stopped by Stuart Skinner with a rebound.
2:21 of 3rd period - Slapshot by Shayne Gostisbehere.
2:21 of 3rd period - Shot Misses the Net.
2:28 of 3rd period - Icing by Brady Skjei.
2:29 of 3rd period - Penalty to Damon Severson is over, Damon Severson is back on ice.
2:29 of 3rd period - Dylan Larkin wins face-off versus Cutter Gauthier in Montreal Canadiens zone.
2:34 of 3rd period - Wrist shot by Juraj Slafkovsky.
2:34 of 3rd period - Deflect By Martin Necas.
2:34 of 3rd period - Shot Misses the Net.
2:34 of 3rd period - Puck is out of play.
2:35 of 3rd period - Kevin Stenlund wins face-off versus Patrik Laine in Detroit Red Wings zone.
2:40 of 3rd period - Wrist shot by Kevin Stenlund.
2:40 of 3rd period - Stopped by Stuart Skinner with a rebound.
2:42 of 3rd period - Slapshot by Kevin Stenlund.
2:42 of 3rd period - Shot Misses the Net.
2:44 of 3rd period - Slapshot by Kevin Stenlund.
2:44 of 3rd period - Shot Misses the Net.
3:11 of 3rd period - Penalty to Dmitry Orlov is over, Dmitry Orlov is back on ice.
3:11 of 3rd period - Wrist shot by Martin Necas.
3:11 of 3rd period - Stopped by Sergei Bobrovsky with a rebound.
3:19 of 3rd period - Slapshot by Cole Sillinger.
3:19 of 3rd period - Shot Misses the Net.
3:21 of 3rd period - Snap shot by Cole Sillinger.
3:21 of 3rd period - Shot Blocked by Juraj Slafkovsky.
3:23 of 3rd period - Slapshot by Conor Timmins.
3:23 of 3rd period - Stopped by Stuart Skinner without a rebound.
3:24 of 3rd period - Brad Lambert wins face-off versus Teddy Blueger in Montreal Canadiens zone.
3:51 of 3rd period - Snap shot by Brad Marchand.
3:51 of 3rd period - Deflect By Dylan Larkin.
3:51 of 3rd period - Shot Misses the Net.
3:51 of 3rd period - Puck is out of play.
3:52 of 3rd period - Macklin Celebrini wins face-off versus Collin Graf in Detroit Red Wings zone.
4:00 of 3rd period - Wrist shot by Brad Marchand.
4:00 of 3rd period - Goal by Brad Marchand - Detroit Red Wings : 2 - Montreal Canadiens : 2.
4:01 of 3rd period - Teddy Blueger wins face-off versus Cutter Gauthier in neutral zone.
4:28 of 3rd period - Cole Sillinger is hit by Damon Severson and loses puck.
4:33 of 3rd period - Wrist shot by Juraj Slafkovsky.
4:33 of 3rd period - Stopped by Sergei Bobrovsky with a rebound.
5:59 of 3rd period - Wrist shot by Macklin Celebrini.
5:59 of 3rd period - Stopped by Sergei Bobrovsky without a rebound.
6:00 of 3rd period - Cutter Gauthier wins face-off versus Justin Hryckowian in Detroit Red Wings zone.
6:38 of 3rd period - Icing by Ryan Poehling.
6:39 of 3rd period - Ryan Poehling wins face-off versus Cutter Gauthier in Montreal Canadiens zone.
6:44 of 3rd period - Slapshot by Juraj Slafkovsky.
6:44 of 3rd period - Stopped by Sergei Bobrovsky with a rebound.
6:46 of 3rd period - Wrist shot by Josh Manson.
6:46 of 3rd period - Stopped by Sergei Bobrovsky without a rebound.
6:47 of 3rd period - Jake Evans wins face-off versus Cutter Gauthier in Detroit Red Wings zone.
7:38 of 3rd period - Snap shot by Patrik Laine.
7:38 of 3rd period - Stopped by Sergei Bobrovsky without a rebound.
7:39 of 3rd period - Ryan Poehling wins face-off versus Cutter Gauthier in Detroit Red Wings zone.
8:08 of 3rd period - Josh Manson is hit by Zachary L'Heureux.
8:28 of 3rd period - Snap shot by Martin Necas.
8:28 of 3rd period - Shot Misses the Net.
8:49 of 3rd period - Snap shot by Collin Graf.
8:49 of 3rd period - Stopped by Stuart Skinner with a rebound.
8:57 of 3rd period - Icing by Collin Graf.
8:58 of 3rd period - Cutter Gauthier wins face-off versus Jake Evans in Detroit Red Wings zone.
8:58 of 3rd period - Cutter Gauthier is hit by Drew O'Connor.
9:06 of 3rd period - Snap shot by Jake Evans.
9:06 of 3rd period - Stopped by Sergei Bobrovsky without a rebound.
9:07 of 3rd period - Jake Evans wins face-off versus Cole Sillinger in Detroit Red Wings zone.
9:14 of 3rd period - Wrist shot by Martin Necas.
9:14 of 3rd period - Stopped by Sergei Bobrovsky without a rebound.
9:15 of 3rd period - Cole Sillinger wins face-off versus Jake Evans in Detroit Red Wings zone.
9:23 of 3rd period - Snap shot by Martin Necas.
9:23 of 3rd period - Stopped by Sergei Bobrovsky without a rebound.
9:24 of 3rd period - Jake Evans wins face-off versus Cole Sillinger in Detroit Red Wings zone.
9:25 of 3rd period - Snap shot by Martin Necas.
9:25 of 3rd period - Shot Misses the Net.
9:33 of 3rd period - Slapshot by Jamie Drysdale.
9:33 of 3rd period - Stopped by Stuart Skinner without a rebound.
9:34 of 3rd period - Teddy Blueger wins face-off versus Arthur Kaliyev in Montreal Canadiens zone.
9:34 of 3rd period - Teddy Blueger is hit by Zachary L'Heureux.
10:02 of 3rd period - Slapshot by Jamie Drysdale.
10:02 of 3rd period - Stopped by Stuart Skinner without a rebound.
10:03 of 3rd period - Ryan Poehling wins face-off versus Cutter Gauthier in Montreal Canadiens zone.
10:12 of 3rd period - Wrist shot by Collin Graf.
10:12 of 3rd period - Stopped by Stuart Skinner with a rebound.
10:14 of 3rd period - Snap shot by Cutter Gauthier.
10:14 of 3rd period - Shot Misses the Net.
10:16 of 3rd period - Slapshot by Cutter Gauthier.
10:16 of 3rd period - Shot Blocked by Adam Fox.
10:18 of 3rd period - Slapshot by Shayne Gostisbehere.
10:18 of 3rd period - Stopped by Stuart Skinner with a rebound.
10:29 of 3rd period - Minor Penalty to Ryan Graves for Delaying the game.
10:30 of 3rd period - Macklin Celebrini wins face-off versus Cole Sillinger in Detroit Red Wings zone.
10:35 of 3rd period - Snap shot by Brad Marchand.
10:35 of 3rd period - Goal by Brad Marchand - Detroit Red Wings : 2 - Montreal Canadiens : 3.
10:36 of 3rd period - Cutter Gauthier wins face-off versus Teddy Blueger in neutral zone.
11:03 of 3rd period - Jake Evans is hit by Tanner Pearson and loses puck.
11:14 of 3rd period - Slapshot by Shayne Gostisbehere.
11:14 of 3rd period - Stopped by Stuart Skinner without a rebound.
11:15 of 3rd period - Ryan Poehling wins face-off versus Cole Sillinger in Montreal Canadiens zone.
11:17 of 3rd period - Minor Penalty to Damon Severson for Tripping.
11:18 of 3rd period - Cole Sillinger wins face-off versus Ryan Poehling in Montreal Canadiens zone.
11:18 of 3rd period - Slapshot by Shayne Gostisbehere.
11:18 of 3rd period - Stopped by Stuart Skinner without a rebound.
11:19 of 3rd period - Ryan Poehling wins face-off versus Cole Sillinger in Montreal Canadiens zone.
11:19 of 3rd period - Ryan Poehling is hit by Shayne Gostisbehere.
11:31 of 3rd period - Snap shot by Cole Sillinger.
11:31 of 3rd period - Shot Misses the Net.
11:33 of 3rd period - Snap shot by Arthur Kaliyev.
11:33 of 3rd period - Stopped by Stuart Skinner with a rebound.
11:35 of 3rd period - Snap shot by Cole Sillinger.
11:35 of 3rd period - Deflect By Zachary L'Heureux.
11:35 of 3rd period - Shot Misses the Net.
11:35 of 3rd period - Puck is out of play.
11:36 of 3rd period - Collin Graf wins face-off versus Teddy Blueger in Montreal Canadiens zone.
12:21 of 3rd period - Snap shot by Zachary L'Heureux.
12:21 of 3rd period - Deflect By Owen Power.
12:21 of 3rd period - Stopped by Stuart Skinner with a rebound.
12:23 of 3rd period - Snap shot by Zachary L'Heureux.
12:23 of 3rd period - Stopped by Stuart Skinner with a rebound.
12:25 of 3rd period - Wrist shot by Shayne Gostisbehere.
12:25 of 3rd period - Shot Misses the Net.
12:27 of 3rd period - Slapshot by Ryan Graves.
12:27 of 3rd period - Shot Blocked by Drew O'Connor.
13:17 of 3rd period - Penalty to Damon Severson is over, Damon Severson is back on ice.
13:33 of 3rd period - Nate Danielson is hit by Lane Hutson and loses puck.
13:51 of 3rd period - Wrist shot by Vasili Podkolzin.
13:51 of 3rd period - Deflect By Peyton Krebs.
13:51 of 3rd period - Shot Misses the Net.
13:51 of 3rd period - Puck is out of play.
13:52 of 3rd period - Kevin Stenlund wins face-off versus Teddy Blueger in Montreal Canadiens zone.
14:34 of 3rd period - Wrist shot by Juraj Slafkovsky.
14:34 of 3rd period - Shot Misses the Net.
14:36 of 3rd period - Snap shot by Juraj Slafkovsky.
14:36 of 3rd period - Shot Misses the Net.
14:38 of 3rd period - Wrist shot by Patrik Laine.
14:38 of 3rd period - Deflect By Conor Timmins.
14:38 of 3rd period - Shot Blocked by Brad Lambert.
14:38 of 3rd period - Puck is out of play.
14:39 of 3rd period - Cole Sillinger wins face-off versus Ryan Poehling in Detroit Red Wings zone.
16:07 of 3rd period - Brad Marchand is hit by Cutter Gauthier and loses puck.
17:08 of 3rd period - Wrist shot by Brad Marchand.
17:08 of 3rd period - Shot Misses the Net.
17:10 of 3rd period - Slapshot by Lane Hutson.
17:10 of 3rd period - Stopped by Sergei Bobrovsky with a rebound.
17:12 of 3rd period - Snap shot by Macklin Celebrini.
17:12 of 3rd period - Shot Misses the Net.
17:32 of 3rd period - Damon Severson is hit by Cutter Gauthier and loses puck.
17:43 of 3rd period - Slapshot by Collin Graf.
17:43 of 3rd period - Stopped by Stuart Skinner with a rebound.
17:53 of 3rd period - Juraj Slafkovsky is hit by Arthur Kaliyev and loses puck.
18:15 of 3rd period - Wrist shot by Cutter Gauthier.
18:15 of 3rd period - Shot Blocked by Adam Fox.
19:01 of 3rd period - Detroit Red Wings, Sergei Bobrovsky is pulled from the net.
19:36 of 3rd period - Wrist shot by Collin Graf.
19:36 of 3rd period - Shot Blocked by Jake Evans.
19:38 of 3rd period - Snap shot by Ryan Graves.
19:38 of 3rd period - Stopped by Stuart Skinner with a rebound.
19:40 of 3rd period - Wrist shot by Collin Graf.
19:40 of 3rd period - Shot Misses the Net.
19:42 of 3rd period - Wrist shot by Collin Graf.
19:42 of 3rd period - Shot Hit the Post.
19:44 of 3rd period - Wrist shot by Cutter Gauthier.
19:44 of 3rd period - Shot Misses the Net.
19:48 of 3rd period - Wrist shot by Cutter Gauthier.
19:48 of 3rd period - Shot Misses the Net.
19:50 of 3rd period - Slapshot by Shayne Gostisbehere.
19:50 of 3rd period - Shot Hit the Post.
19:52 of 3rd period - Slapshot by Shayne Gostisbehere.
19:52 of 3rd period - Stopped by Stuart Skinner with a rebound.
19:54 of 3rd period - Slapshot by Collin Graf.
19:54 of 3rd period - Stopped by Stuart Skinner without a rebound.
19:55 of 3rd period - Kris Knoblauch call a timeout for Detroit Red Wings.
19:55 of 3rd period - Cutter Gauthier wins face-off versus Jake Evans in Montreal Canadiens zone.
Goals for this period are 0 for Detroit Red Wings vs 2 for Montreal Canadiens.
Shots for this period are 19 for Detroit Red Wings vs 13 for Montreal Canadiens.
Back to the Top